 Dungeon Crawl Stone Soup version 0.27-a0-679-g77a6b55cf3 (webtiles) character file.

Game seed: 8819303472771976189

100 Dreamer the Insei (level 4, -2/29 HPs)
             Began as an Octopode Transmuter on Mar 19, 2021.
             Killed from afar by an orc wizard (6 damage)
             ... with a magic dart
             ... on level 3 of the Dungeon.
             The game lasted 00:10:20 (3501 turns).

Dreamer the Insei (Octopode Transmuter)             Turns: 3501, Time: 00:10:20

Health: -2/29      AC:  1    Str:  9    XL:     4   Next: 74%
Magic:  7/7        EV: 13    Int: 16    God:
Gold:   123        SH:  0    Dex: 12    Spells: 2/7 levels left

rFire    x . .     SeeInvis .     - Unarmed
rCold    + + .     Faith    +   (no shield)
rNeg     . . .     Spirit   .   (helmet restricted)
rPois    .         Reflect  .   o - amulet of faith
rElec    .         Harm     .   d - ring of protection from cold
rCorr    .         Rampage  .   l - ring of ice
Will     .....                  (no ring)
Stlth    ++........             (no ring)
HPRegen  0.09/turn              (no ring)
MPRegen  0.10/turn              (no ring)
                                (no ring)
                                (no ring)

@: confused
A: almost no armour, amphibious, 8 rings, camouflage 1, gelatinous body 1,
nimble swimmer 1, tentacles
a: no special abilities


You were on level 3 of the Dungeon.
You visited 1 branch of the dungeon, and saw 4 of its levels.

You collected 123 gold pieces.

Inventory:

Hand Weapons
 p - a +0 club
Jewellery
 d - a ring of protection from cold (left tentacle)
 l - a ring of ice (right tentacle)
 o - an amulet of faith (around mantle)
Scrolls
 b - 2 scrolls of enchant armour {unknown}
 c - a scroll of enchant weapon {unknown}
 f - a scroll of fog {unknown}
 h - a scroll of immolation {unknown}
 i - a scroll of magic mapping {unknown}
 j - 4 scrolls of identify {unknown}
Potions
 a - a potion of lignification {unknown}
 e - a potion of brilliance {unknown}
 g - a potion of curing {unknown}
 k - a potion of haste {unknown}
 m - a potion of might {unknown}
 n - a potion of resistance {unknown}
 q - a potion of invisibility {unknown}


   Skills:
 - Level 2.2 Fighting
 - Level 2.0 Dodging
 + Level 3.3 Stealth
 - Level 3.7 Unarmed Combat
 - Level 2.0 Spellcasting
 + Level 2.2 Transmutations
 + Level 0.8 Ice Magic


You had 2 spell levels left.
You knew the following spells:

 Your Spells              Type           Power      Damage    Failure   Level
a - Beastly Appendage     Tmut           16%        N/A       9%          1
b - Ice Form              Ice/Tmut       9%         N/A       73%         4

Your spell library contained the following spells:

 Spells                   Type           Power      Damage    Failure   Level
 Wereblood                Tmut           8%         N/A       13%         2
 Corona                   Hex            1%         N/A       21%         1
 Ensorcelled Hibernation  Hex/Ice        8%         N/A       26%         2
 Spider Form              Tmut/Pois      2%         N/A       36%         3
 Confusing Touch          Hex            1%         N/A       52%         3
 Dazzling Flash           Conj/Hex       2%         N/A       52%         3
 Gell's Gravitas          Tloc           0%         N/A       52%         3
 Tukima's Dance           Hex            1%         N/A       52%         3
 Petrify                  Tmut/Erth      5%         N/A       78%         4
 Blade Hands              Tmut           4%         N/A       93%         5
 Yara's Violent Unravell  Hex/Tmut       2%         3d3       98%         5
 Metabolic Englaciation   Hex/Ice        2%         N/A       99%         5


Dungeon Overview and Level Annotations

Branches:
Dungeon (4/15)
 Temple: D:4-7

Altars:
Kikubaaqudgha
Ru
Xom

Shops:
D:2 =


Innate Abilities, Weirdness & Mutations

You cannot wear most types of armour.
You are amphibious.
You can wear up to eight rings at the same time.
Your skin changes colour to match your surroundings (Stealth+).
Your rubbery body absorbs attacks. (AC +1, EV +1)
You are stealthy while swimming. (Stealth+)
You have tentacles for arms and can constrict up to eight enemies at once.


Message History

The orc barely misses you.
You tentacle-slap the orc.
You kill the orc!
Things that are here:
a +0 club; an orc corpse An orc wizard comes into view.
It is wielding a +0 dagger.
Things that are here:
a +0 club; an orc corpse You see here a +4 ring mail.
The orc wizard casts a spell at itself.
The orc wizard flickers and vanishes!
Deactivating autopickup; reactivate with Ctrl-A.
You tentacle-slap something but do no damage.
Something hits you!
You tentacle-slap something. Your squeeze misses something.
Something barely misses you.
You closely miss something. Your squeeze misses something.
Something hits you but does no damage.
You miss something. Something hits you.
You closely miss something. You squeeze something. Something hits you.
You barely miss something. Something hits you.
You tentacle-slap something. Something hits you.
There is a stone staircase leading up here.
You hear some strange, mumbled words.
You are confused.
In your confused state, you trip and fall back down the stairs.
Something hits you.
* * * LOW HITPOINT WARNING * * *
Unknown command.
You can't go down here!
Something completely misses you.
You climb upwards.
Reactivating autopickup.
There is a stone staircase leading down here.
You start resting.
Something hits you.
* * * LOW HITPOINT WARNING * * *
Deactivating autopickup; reactivate with Ctrl-A.
A magic dart appears from out of thin air!
The magic dart hits you.
You die...

#.....##>.........#######...# #
#####......................#.####
.......##......<....#####..#...#
.......##.....[....## #.####.#
...................# ###.# #.##
.........#.........# #...# #...
............######.####.########.
...###.........>.....##.####.....
.......#......{.@..#....#........
#..###.#.#.####....#......###....
#..###.....####.##.#..Y..####....
##..##..#.....#.##...###....#....
.#..###...###.#..##..............
#....##.#.# #...........#####....
.#.#....#.# ###......##...# #....
##.##...#.# #....##..###.###....
#.........####.##...#......##<...


There were no monsters in sight!

Vanquished Creatures
  An adder (D:3)
  An ooze (D:2)
  3 worms
  2 dart slugs
  A leopard gecko (D:1)
  2 orcs
  3 giant cockroaches
  8 hobgoblins
  6 jackals
  5 kobolds
  5 quokkas
  2 ball pythons
  5 bats
  3 frilled lizards
  9 goblins
  A leopard gecko skeleton (D:4)
  9 rats
66 creatures vanquished.

Vanquished Creatures (others)
  4 toadstools (D:1)
4 creatures vanquished.

Grand Total: 70 creatures vanquished

Notes
Turn   | Place    | Note
-------+----------+-------------------------------------------
     0 | D:1      | Dreamer the Octopode Transmuter began the quest for the
                  | Orb.
     0 | D:1      | Reached XP level 1. HP: 13/13 MP: 3/3
   245 | D:1      | Reached skill level 1 in Stealth
   357 | D:1      | Reached XP level 2. HP: 18/18 MP: 5/5
   907 | D:1      | Reached XP level 3. HP: 17/24 MP: 6/6
  1686 | D:2      | Found Woput's Jewellery Shop.
  1735 | D:2      | Noticed an ogre
  2095 | D:2      | Found an ancient bone altar of Kikubaaqudgha.
  2110 | D:2      | Reached XP level 4. HP: 24/29 MP: 7/7
  2428 | D:2      | Found a shimmering altar of Xom.
  2552 | D:3      | Learned a level 4 spell: Ice Form
  3109 | D:3      | Noticed an ice beast
  3342 | D:4      | Found a sacrificial altar of Ru.
  3501 | D:3      | Killed from afar by an orc wizard

Illustrated notes

Levels and vault maps discovered:
D:1:      ldierk_walled_garden_2, layout_basic, roderic_lattice_a,
          minmay_pentomino_w2
D:2:      layout_loops_cross, nicolae_overflow_crystal_walls, serial_shops,
          shop, nrook_mini_vaults, minmay_fountain_box, xom_teletrap_fun
D:3:      layout_rooms, minmay_ruptured
D:4:      layout_rooms, minmay_temple_entry_glass,
          nicolae_ru_great_annihilating_truth

Skill      XL: |  1  2  3  4 |
---------------+-------------+-----
Stealth        | 1 2 3 |  3.3
Fighting       | 2 |  2.2
Dodging        | |  2.0
Unarmed Combat | |  3.7
Spellcasting   | |  2.0
Transmutations | |  2.2
Ice Magic      | |  0.8

Action                   |  1- 3 |  4- 6 || total
-------------------------+-------+-------++-------
Melee: Unarmed           |    94 |    64 ||   158
       Constrict         |    24 |    13 ||    37
       Tentacles         |    19 |    16 ||    35
       Kick              |     7 |     4 ||    11
       Punch             |     2 |     1 ||     3
 Cast: Beastly Appendage |     3 |     3 ||     6
 Stab: Sleeping          |    11 |     9 ||    20
       Distracted        |     1 |       ||     1
Armor: Skin              |     6 |     6 ||    12
Dodge: Dodged            |    41 |    26 ||    67

Table legend: (Time is in decaauts)
 A = Elapsed time spent in this place.
 B = Non-inter-level travel time spent in this place.
 C = Inter-level travel time spent in this place.
 D = Time resting spent in this place.
 E = Time spent auto-exploring this place.
 F = Levels seen in this place.
 G = Mean time per level.
                   A        B        C        D        E       F      G
               +--------+--------+--------+--------+--------+-----+--------+
         Total |   3491 |   3423 |     68 |     68 |   2540 |   4 |  872.8 |
       Dungeon |   3491 |   3423 |     68 |     68 |   2540 |   4 |  872.8 |
               +--------+--------+--------+--------+--------+-----+--------+

Top non-repeatable levels by time:
     D:1: 1481 daAuts
     D:2: 1055 daAuts
     D:3: 778 daAuts
     D:4: 175 daAuts
